Map: Prion Terraces

Players

Thistle

  • Race: Zerg Zerg
  • League: Silver

MorN - Winner!

  • Race: Zerg Zerg
  • League: Master

VOD

Have the link to the VOD?

Description

Time

  • Played on: Nov. 17, 2015, 10:08 p.m.
  • Length: 10:49
Show
View Real Time Build Order
Export as new Build Order

Thistle Zerg 

Build Orders: Hatch First 

Get SALT Encoding   

  12  0:01  Drone  
  13  0:21  Overlord  
  13  0:27  Drone  
  14  0:39  Drone x2  
  16  0:51  Drone  
  17  1:05  Drone  
  17  1:06  Drone  
  17  1:08  Hatchery  
  18  1:25  Spawning Pool  
  17  1:26  Drone x2, Extractor  
  18  1:39  Drone  
  19  1:48  Drone  
  20  2:02  Drone  
  21  2:11  Overlord  
  21  2:21  Queen  
  23  2:23  Queen  
  23  2:25  Drone x2  
  27  2:31  Drone  
  27  2:32  Drone  
  29  2:41  Drone  
  29  2:43  Zergling x2  
  31  2:47  Metabolic Boost  
  31  2:52  Zergling x2  
  31  2:53  Zergling x2  
  33  3:11  Overlord  
  33  3:23  Overlord  
  33  3:42  Drone x4  
  33  3:43  Drone x2  
  33  3:44  Drone, Overlord  
  40  3:49  Overlord  
  40  3:54  Evolution Chamber  
  40  3:55  Evolution Chamber, Queen  
  41  3:56  Queen  
  41  3:59  Drone x2  
  44  4:06  Drone x3  
  44  4:07  Zergling x2  
  44  4:08  Zergling x4  
  50  4:14  Hatchery  
  49  4:20  Zerg Melee Weapons Level 1  
  49  4:25  Zergling x2  
  49  4:26  Zergling x8  
  54  4:37  Zerg Ground Armor Level 1  
  54  4:45  Zergling x6  
  56  4:46  Zergling x6  
  56  4:52  Overlord  
  60  5:03  Overlord  
  60  5:08  Zergling x2  
  57  5:20  Zergling x12  
  57  5:21  Zergling x2  
  62  5:29  Extractor  
  62  5:30  Roach Warren  
  62  5:31  Extractor  
  59  5:36  Zergling x4  
  59  5:39  Overlord  
  61  5:50  Spine Crawler x2  
  61  5:51  Zergling x2  
  61  5:52  Zergling x2  
  59  6:05  Zergling x2  
  59  6:06  Zergling x12  
  59  6:11  Overlord  
  58  6:18  Lair  
  58  6:21  Zergling x4  
  49  6:40  Zergling x2  
  49  6:41  Zergling x10  
  55  6:49  Zergling x10  
  60  7:00  Zergling x2  
  60  7:01  Zergling x8  
  56  7:11  Zergling x4  
  53  7:24  Queen, Extractor  
  54  7:35  Spire  
  53  7:37  Drone  
  53  7:38  Drone x9  
  63  7:50  Zerg Melee Weapons Level 2  
  59  8:10  Zergling x4  
  59  8:11  Zergling x20  
  68  8:17  Infestation Pit  
  68  8:19  Drone x2  
  69  8:35  Glial Reconstitution  
  69  8:46  Infestation Pit  
  67  8:53  Zergling x2  
  67  8:54  Zergling x28  
  58  9:20  Zergling x8  
  58  9:21  Zergling x8  
Show
View Real Time Build Order
Export as new Build Order

MorN Zerg - Winner!

Build Orders: Hatch First 

Get SALT Encoding   

  12  0:01  Drone  
  13  0:13  Overlord  
  13  0:19  Drone  
  14  0:34  Drone x2  
  16  0:50  Hatchery  
  15  1:05  Spawning Pool  
  14  1:13  Drone  
  14  1:14  Extractor  
  14  1:16  Drone  
  15  1:27  Drone x2  
  17  1:42  Drone  
  17  1:45  Overlord  
  18  1:56  Queen  
  20  2:02  Queen  
  22  2:11  Drone x3  
  25  2:21  Drone  
  26  2:25  Metabolic Boost  
  26  2:54  Overlord  
  26  3:02  Roach Warren  
  26  3:03  Drone  
  26  3:04  Drone x4  
  30  3:18  Drone  
  30  3:19  Drone x6  
  37  3:25  Extractor  
  36  3:31  Lair  
  36  3:36  Extractor  
  36  3:39  Extractor  
  34  3:47  Drone  
  34  3:48  Drone x2  
  37  3:49  Drone  
  37  3:50  Drone x2  
  37  3:51  Drone x2  
  42  4:09  Hatchery  
  41  4:18  Roach  
  41  4:20  Overlord x4  
  43  4:37  Glial Reconstitution  
  43  4:44  Roach  
  43  4:45  Roach x8  
  61  4:53  Roach  
  61  4:54  Roach x2  
  61  4:58  Drone  
  61  5:18  Roach  
  61  5:19  Roach x4  
  71  5:24  Drone x2  
  71  5:25  Hatchery  
  72  5:38  Evolution Chamber, Drone x3  
  72  5:39  Evolution Chamber  
  73  5:45  Queen  
  73  5:47  Drone  
  76  6:09  Zerg Missile Weapons Level 1  
  76  6:10  Zerg Ground Armor Level 1  
  76  6:14  Overlord x3  
  76  6:19  Overlord  
  76  6:31  Queen  
  76  6:39  Roach  
  74  6:40  Roach x6  
  74  6:44  Spore Crawler  
  86  6:47  Drone, Spore Crawler  
  86  6:54  Queen  
  87  7:11  Roach x5  
  83  7:17  Drone  
  83  7:18  Drone x3  
  75  7:39  Hydralisk Den  
  75  7:42  Drone x10  
  84  7:45  Overlord  
  84  7:58  Queen  
  77  8:10  Roach x6  
  89  8:14  Ravager x3  
  89  8:15  Ravager x5  
  89  8:16  Ravager  
  89  8:17  Ravager  
  89  8:19  Ravager x2  
  101  8:30  Overlord x4  
  101  8:37  Extractor  
  101  8:38  Extractor  
  101  8:41  Roach  
  101  8:49  Hatchery  
  100  9:03  Roach  
  100  9:04  Roach x9  
  100  9:05  Roach  
  117  9:30  Roach  
  117  9:31  Roach x11  
  141  9:45  Roach x4  
  143  9:46  Roach  
  143  10:06  Roach x4  
  151  10:21  Overlord  
  151  10:22  Overlord x10  
  151  10:23  Overlord  
  151  10:40  Ravager x4  
  151  10:41  Ravager x12  
  167  10:43  Ravager  
Tags
 
Add a new tag
Caveats
  • Supply blocks, unpowered buildings, or Contaminate may cause inaccurate times.
  • Supply counts are checked every 10 seconds.